 Dungeon Crawl Stone Soup version 0.28.0-43-g3370ac3207 (webtiles) character file.

Game seed: 8098877850268526421

1959 safid the Cleaver (level 9, 0/71 HPs)
             Began as a Hill Orc Fighter on Mar 16, 2022.
             Was a Follower of Beogh.
             Slain by Grum
             ... wielding a -1 halberd
              (16 damage)
             ... on level 8 of the Dungeon.
             The game lasted 00:14:01 (8382 turns).

safid the Cleaver (Hill Orc Fighter)                Turns: 8382, Time: 00:14:01

Health: 0/71       AC: 11    Str: 23    XL:     9   Next: 19%
Magic:  9/9        EV: 10    Int:  8    God:    Beogh [*.....]
Gold:   127        SH:  4    Dex: 10    Spells: 8/8 levels left

rFire   . . .      SeeInvis .   a - +0 war axe
rCold   . . .      Faith    +   c - +0 buckler
rNeg    . . .      Spirit   .   g - +0 plate armour
rPois   .          Reflect  .   (no helmet)
rElec   .          Harm     .   (no cloak)
rCorr   .          Rampage  .   (no gloves)
Will    .....                   (no boots)
Stlth   ..........              t - amulet of faith
HPRegen 0.21/turn               n - +4 ring of evasion
MPRegen 0.11/turn               (no ring)

@: no status effects
A: no striking features
a: Renounce Religion


You were on level 8 of the Dungeon.
You worshipped Beogh.
Beogh was aware of your devotion.
You visited 1 branch of the dungeon, and saw 8 of its levels.

You collected 218 gold pieces.
You spent 91 gold pieces at shops.

Inventory:

Hand Weapons
 a - a +0 war axe (weapon)
Missiles
 v - 12 poisoned darts (quivered)
Armour
 c - a +0 buckler (worn)
 g - a +0 plate armour (worn)
Jewellery
 n - a +4 ring of evasion (left hand)
 t - an amulet of faith (around neck)
 u - a ring of positive energy
Wands
 q - a wand of acid (2)
 r - a wand of flame (8)
 s - a wand of iceblast (3)
Scrolls
 b - a scroll of amnesia
 e - a scroll of acquirement {unknown}
 h - a scroll of enchant armour {unknown}
 i - a scroll of magic mapping {unknown}
 k - 2 scrolls of vulnerability
 m - a scroll of fear {unknown}
 p - 2 scrolls of fog
Potions
 d - 2 potions of might
 f - 3 potions of brilliance
 j - 3 potions of attraction
 l - a potion of flight {unknown}
 o - 4 potions of curing
 w - a potion of heal wounds {unknown}


   Skills:
 - Level 4.0 Fighting
 + Level 14.6 Axes
 - Level 4.0 Armour
 - Level 4.0 Shields


You had 8 spell levels left.
You didn't know any spells.
Your spell library contained the following spells:

 Spells                   Type           Power      Damage    Failure   Level
 Sandblast                Erth           0%         2d4       100%        1
 Passwall                 Tmut/Erth      0%         N/A       100%        2
 Confusing Touch          Hex            0%         N/A       100%        3
 Stone Arrow              Conj/Erth      0%         3d7       100%        3
 Summon Guardian Golem    Hex/Summ       0%         N/A       100%        3
 Yara's Violent Unravell  Hex/Tmut       0%         3d3       100%        5
 Discord                  Hex            0%         N/A       100%        8


Dungeon Overview and Level Annotations

Branches:
Dungeon (8/15)             Temple (0/1) D:5
   Lair: D:8-11

Altars:
Cheibriados
Dithmenos
Elyvilon
Gozag
Hepliaklqana
Kikubaaqudgha
Okawaru
Ru
Trog
Uskayaw
Vehumet
Wu Jian

Shops:
D:2 [   D:3 ?

Annotations:
D:5 Sigmund
D:8 Grum


Message History

Aim: Grum, wielding a -1 halberd and wearing a +0 ring mail (65% to hit)
You throw a poisoned dart. The poisoned dart hits Grum.
Grum is poisoned.
Unknown command.
Throw: 14 darts (poison)
Press: ? - help, Q - select action, (/) - cycle Shift-Dir - straight line, f/p - Grum
Aim: Grum, wielding a -1 halberd and wearing a +0 ring mail (lightly wounded, poisoned, 65% to hit)
You throw a poisoned dart. The poisoned dart hits Grum.
Grum is lightly wounded.
Throw: 13 darts (poison)
Press: ? - help, Q - select action, (/) - cycle Shift-Dir - straight line, f/p - Grum
Aim: Grum, wielding a -1 halberd and wearing a +0 ring mail (lightly wounded, poisoned, 65% to hit)
You throw a poisoned dart.
The poisoned dart completely misses Grum.
Grum hits you with a -1 halberd!!
You hit Grum.
Grum is moderately wounded.
Unknown command.
You hit Grum but do no damage.
Grum is moderately wounded.
Grum hits you with a -1 halberd!
You hit Grum.
Grum is moderately wounded.
Grum hits you with a -1 halberd.
You hit Grum but do no damage.
Grum is moderately wounded.
Grum hits you with a -1 halberd.
You slash Grum!
Grum is heavily wounded.
Grum closely misses you.
You barely miss Grum.
Grum is heavily wounded.
Grum looks more healthy.
You slash Grum!
Grum is almost dead.
Grum hits you with a -1 halberd!!
* * * LOW HITPOINT WARNING * * *
You barely miss Grum.
Grum is almost dead.
Grum hits you with a -1 halberd!
You die...

..<.......#>#
............###
..........#....
........(......
.......g$#
#######.##
###########.#
#...........#
#..<@g.(.((##
#..........#
#..........#
#..........#
#..........#
##########...
#####


You could see Grum.

Vanquished Creatures
  Eustachio (D:4)
  Menkaure (D:7)
  A necrophage (D:5)
  An orc warrior (D:7)
  3 ogres
  3 wolves
  A centaur (D:8)
  A phantom (D:5)
  A kobold brigand (D:7)
  2 bullfrogs
  A wyvern skeleton (D:5)
  A howler monkey (D:6)
  3 hounds
  A centaur skeleton (D:5)
  3 orc priests
  An iguana (D:5)
  An orc wizard (D:7)
  A hound zombie (D:5)
  A hound skeleton (D:4)
  Robin (D:4)
  7 gnolls
  7 adders
  2 ufetubi (D:5)
  An adder skeleton (D:5)
  2 worms (D:2)
  2 dart slugs
  27 orcs
  4 bats
  4 endoplasms
  A giant cockroach (D:3)
  9 goblins
  17 hobgoblins
  4 quokkas
  7 ball pythons
  A frilled lizard (D:3)
  13 kobolds
  4 rats
141 creatures vanquished.

Vanquished Creatures (others)
  An iguana (D:6)
  An adder (D:6)
  2 fungi (D:1)
  5 plants
9 creatures vanquished.

Grand Total: 150 creatures vanquished

Notes
Turn   | Place    | Note
-------+----------+-------------------------------------------
     0 | D:1      | safid the Hill Orc Fighter began the quest for the Orb.
     0 | D:1      | Reached XP level 1. HP: 19/19 MP: 1/1
   356 | D:1      | Reached skill level 3 in Axes
   356 | D:1      | Reached XP level 2. HP: 26/27 MP: 2/2
   705 | D:1      | Found a faded altar of an unknown god.
   895 | D:2      | Reached XP level 3. HP: 31/33 MP: 3/3
   913 | D:2      | Found Qoduf's Antique Armour Boutique.
  2013 | D:3      | Reached XP level 4. HP: 35/40 MP: 4/4
  2056 | D:3      | Found an ancient bone altar of Kikubaaqudgha.
  2057 | D:3      | Found a snail-covered altar of Cheibriados.
  2061 | D:3      | Found a bloodstained altar of Trog.
  2062 | D:3      | Found a sacrificial altar of Ru.
  2064 | D:3      | Found a white marble altar of Elyvilon.
  2064 | D:3      | Found an opulent altar of Gozag.
  2065 | D:3      | Found an ornate altar of the Wu Jian Council.
  2068 | D:3      | Identified the +3 ring mail of Day {Rampage}
  2072 | D:3      | Found an iron altar of Okawaru.
  2074 | D:3      | Found a shadowy altar of Dithmenos.
  2092 | D:3      | Reached skill level 4 in Axes
  2918 | D:3      | Found Jischotu's Magic Scroll Emporium.
  2922 | D:3      | Bought a scroll of noise for 13 gold pieces
  2922 | D:3      | Bought a scroll of identify for 26 gold pieces
  2922 | D:3      | Bought a scroll of identify for 26 gold pieces
  2922 | D:3      | Bought a scroll of fog for 26 gold pieces
  3006 | D:4      | Reached skill level 5 in Axes
  3006 | D:4      | Reached XP level 5. HP: 41/46 MP: 5/5
  3184 | D:4      | Noticed Robin
  3201 | D:4      | Reached skill level 6 in Axes
  3203 | D:4      | Killed Robin
  3663 | D:4      | Found a hide-covered altar of Uskayaw.
  3799 | D:4      | Noticed Eustachio
  3821 | D:4      | Killed Eustachio
  3822 | D:4      | Reached skill level 7 in Axes
  3822 | D:4      | Reached XP level 6. HP: 52/52 MP: 6/6
  4110 | D:5      | Entered Level 5 of the Dungeon
  4127 | D:5      | Found a radiant altar of Vehumet.
  4380 | D:5      | Noticed a necrophage
  4390 | D:5      | Killed a necrophage
  4391 | D:5      | Reached skill level 8 in Axes
  4391 | D:5      | Reached XP level 7. HP: 53/59 MP: 7/7
  4472 | D:5      | Found a staircase to the Ecumenical Temple.
  4526 | D:5      | Reached skill level 9 in Axes
  4743 | D:5      | Reached skill level 10 in Axes
  4954 | D:5      | Noticed Sigmund
  5332 | D:5      | Reached skill level 11 in Axes
  5332 | D:5      | Reached XP level 8. HP: 62/66 MP: 8/8
  5784 | D:6      | Became a worshipper of Beogh the Brigand
  6197 | D:6      | Found a hazy altar of Hepliaklqana.
  6203 | D:6      | Got the Volume of Hexes
  6309 | D:6      | Reached skill level 12 in Axes
  7403 | D:7      | Reached skill level 13 in Axes
  7407 | D:7      | Reached * piety under Beogh
  7663 | D:7      | Noticed Menkaure
  7672 | D:7      | HP: 3/66 [Menkaure (8)]
  7674 | D:7      | Killed Menkaure
  8049 | D:8      | Noticed Grum
  8050 | D:8      | Reached XP level 9. HP: 50/71 MP: 9/9
  8051 | D:8      | Reached skill level 14 in Axes
  8382 | D:8      | Slain by Grum

Illustrated notes

Levels and vault maps discovered:
D:1:      evilmike_arrival_home_sweet_home, layout_basic,
          shapermc_ecumenical_altar_hornbeckon, serial_bayou_pond_e
D:2:      layout_loops_ring, serial_rivers, chequers_serial_rivers_large_b,
          chequers_serial_rivers_micro_b, chequers_serial_rivers_small_b,
          chequers_serial_rivers_marsh, chequers_serial_rivers_small_3,
          serial_shops, shop, nicolae_concentric_dashed_squares_mild
D:3:      layout_loops_corners, nicolae_overflow_hallway_of_the_gods,
          serial_shops, shop
D:4:      layout_loops_ring, kennysheep_mini_moat, uniq_robin, uniq_eustachio
D:5:      layout_rooms, vehumet_altar_wand_db, minmay_temple_entry_butterflies,
          sigmund_army
D:6:      layout_loops_ring, nicolae_hepliaklqana_hazy_memory, serial_rivers,
          chequers_serial_rivers_small_a, chequers_serial_rivers_micro_c,
          chequers_serial_rivers_micro_d, chequers_serial_rivers_micro_c,
          chequers_serial_rivers_large_a, chequers_serial_rivers_micro_a,
          minmay_misc_feat_ornament, minmay_misc_feat_x
D:7:      layout_loops_cross, uniq_menkaure
D:8:      layout_rooms, due_lair_maze_entry_diamond, serial_shops,
          nicolae_shop_temple_entry_statues_fountains, uniq_grum

Skill      XL: |  1  2  3  4  5  6  7  8  9 |
---------------+----------------------------+-----
Axes           | 3 5 7 8 11 13 14 | 14.6
Fighting       | 4 |  4.0
Shields        | 4 |  4.0
Armour         | 4 |  4.0

Action                   |  1- 3 |  4- 6 |  7- 9 || total
-------------------------+-------+-------+-------++-------
Melee: War axe           |   103 |   133 |   220 ||   456
Throw: Dart              |       |       |     3 ||     3
Invok: Convert to Beogh  |       |       |     1 ||     1
Evoke: Wand              |       |       |     1 ||     1
  Use: Scroll            |       |     4 |     1 ||     5
       Potion            |       |       |     1 ||     1
Armor: Scale mail        |    30 |       |       ||    30
       Plate armour      |    21 |    94 |   117 ||   232
Dodge: Dodged            |    41 |    43 |    73 ||   157
Block: Buckler           |    21 |    39 |    40 ||   100
